 Dungeon Crawl Stone Soup version 0.31.0-1-g2c135a0 (webtiles) character file.

Game seed: 1153557825267134691

304 jagoly the Chopper (level 6, 0/39 HPs)
             Began as a Gargoyle Monk on Jan 26, 2024.
             Slain by a mummy (3 damage)
             ... in an ossuary.
             The game lasted 00:07:32 (932 turns).

jagoly the Chopper (Gargoyle Monk)                   Turns: 932, Time: 00:07:32

Health: 0/39       AC: 11    Str: 16    XL:     6   Next: 38%
Magic:  6/6        EV: 10    Int: 11    God:
Gold:   70         SH:  0    Dex: 12    Spells: 5/5 levels left

rFire   . . .        a - +0 hand axe
rCold   . . .        d - orb {light}
rNeg    + . .        n - +0 scale mail
rPois   ∞            (no helmet)
rElec   +            (no cloak)
rCorr   .            (no gloves)
SInv    .            (no boots)
Will    .....        (no amulet) Stlth
                     j - ring of flight
HPRegen 0.26/turn    (no ring)
MPRegen 0.10/turn

%: no passive effects
@: flying, glowing
A: sickness immunity, AC +4, negative energy resistance 1, electricity
resistance, torment resistance 1, petrification resistance
a: no special abilities


You were in an ossuary.
You visited 1 branch of the dungeon, and saw 4 of its levels.
You also visited: Ossuary.

You collected 70 gold pieces.

Inventory:

Hand Weapons
 a - a +0 hand axe (weapon)
 b - a +1 whip of draining
 o - a +0 spear
Missiles
 f - 8 stones (quivered)
 l - 12 poisoned darts
 m - 3 boomerangs
Armour
 d - an orb of light (worn)
 n - a +0 scale mail (worn)
 r - a +0 robe
Jewellery
 j - a ring of flight (left hand)
 t - an amulet of faith
Scrolls
 e - a scroll of brand weapon {unknown}
 g - 3 scrolls of identify {unknown}
 h - a scroll of blinking {unknown}
 k - 2 scrolls of poison {unknown}
 q - 2 scrolls of teleportation {unknown}
 s - a scroll of amnesia {unknown}
Potions
 c - a potion of ambrosia
 i - a potion of magic {unknown}
 p - a potion of curing {unknown}


   Skills:
 + Level 4.3 Fighting
 * Level 4.9 Axes
 + Level 2.7 Armour
 - Level 2.4 Dodging
 - Level 2.0 Stealth


You had 5 spell levels left.
You didn't know any spells.
Your spell library contained the following spells:

 Spells                   Type           Power      Damage    Failure   Level
 Slow                     Hex            0%         N/A       77%         1
 Ensorcelled Hibernation  Hex/Ice        0%         N/A       88%         2
 Confusing Touch          Hex            0%         N/A       98%         3
 Passwall                 Erth           0%         N/A       98%         3
 Sigil of Binding         Hex            0%         N/A       98%         3
 Swiftness                Air            0%         N/A       98%         3
 Vampiric Draining        Necr           0%         2d6       98%         3


Dungeon Overview and Level Annotations

Branches:
Dungeon (4/15) Zot: 23109 Ossuary (1/1) Zot: 5942
 Temple: D:4-7

Altars:


Innate Abilities, Weirdness & Mutations

You are immune to sickness and miasma.
Your stone body is resilient. (AC +4)
You are immune to poison.
You resist negative energy. (rN+)
You are resistant to electric shocks. (rElec)
You are resistant to unholy torment.
You are immune to petrification.


Message History

You kill the goblin!
a - a +0 hand axe (weapon)
You hit the phantom.
The phantom is lightly damaged.
The phantom hits you.
You slash the phantom!
The phantom is heavily damaged.
The phantom hits you.
The phantom blinks!
You blink.
You hit the phantom.
The phantom is severely damaged.
The phantom hits you but does no damage.
You hit the phantom.
The phantom is severely damaged.
The phantom barely misses you.
You slash the phantom!
The phantom is almost destroyed.
The phantom barely misses you.
You hit the phantom.
The phantom is almost destroyed.
The phantom hits you but does no damage.
You hit the phantom.
The phantom is almost destroyed.
The phantom hits you but does no damage.
You closely miss the phantom.
The phantom is almost destroyed.
The phantom hits you but does no damage.
You hit the phantom but do no damage.
The phantom is almost destroyed.
The phantom hits you but does no damage.
You hit the phantom.
You destroy the phantom!
You completely miss the orc. The orc barely misses you.
The orc closely misses you.
Training target 4.0 for Fighting reached!
Your Fighting skill increases to level 4!
Your Axes skill increases to level 4!
Your Armour skill increases to level 2!
You have reached level 5!
You barely miss the orc. The orc hits you but does no damage.
You hit the orc.
The orc is almost dead.
The orc hits you but does no damage.
You barely miss the orc.
The orc is almost dead.
The orc misses you.
You hit the orc.
You kill the orc!
No target in view!
Things that are here:
a +0 dagger; an orc corpse Adjust (i)tems, (s)pells, or (a)bilities?
r - a +1 whip of draining Adjust to which letter? (? for menu, Esc to quit)
b - a +1 whip of draining;
r - a +0 robe You sense an unholy aura.
b - a +1 whip of draining (weapon)
Adjust (i)tems, (s)pells, or (a)bilities?
Okay, then.
Things that are here:
a +0 dagger; a goblin corpse
Found a stone staircase leading up.
A rat comes into view.
A rat is nearby!
The rat bites you.
You hit the rat.
You kill the rat!
No target in view!
HP restored.
There is a stone staircase leading up here.
You fly upwards.
Level annotation: Terence
There is a stone staircase leading down here.
q - 2 scrolls labelled SUSAEGA MACOD (gained 1)
You now have 33 gold pieces (gained 4).
HP restored.
You now have 45 gold pieces (gained 12).
You pick up a book of Burglary and begin reading...
You add the spells Ensorcelled Hibernation, Swiftness and Passwall to your library.
A frilled lizard comes into view.
The frilled lizard hisses angrily.
Found a thin amethyst amulet.
The frilled lizard bites you but does no damage.
You barely miss the frilled lizard. You hit the frilled lizard.
You kill the frilled lizard!
No target in view!
An endoplasm comes into view.
The endoplasm quivers.
An endoplasm is nearby!
Terence shouts!
You hit the endoplasm.
The endoplasm is moderately wounded.
The endoplasm hits you but does no damage.
You hit the endoplasm. You drain the endoplasm.
You kill the endoplasm!
You see here an amulet of faith.
t - an amulet of faith Throw: 12 darts (poison)
Press: ? - help, Shift-Dir - straight line, f - Terence
Aim: Terence, wielding a +0 flail and wearing a +0 ring mail (haloed, 80% to hit)
You throw a poisoned dart.
The poisoned dart barely misses Terence.
You hit Terence but do no damage. You drain Terence.
Terence is lightly wounded.
Terence hits you but does no damage.
You hit Terence but do no damage.
Terence is lightly wounded.
Terence hits you but does no damage.
You hit Terence.
Terence is moderately wounded.
Terence barely misses you.
You hit Terence.
Terence is moderately wounded.
Terence hits you but does no damage.
You hit Terence. You drain Terence.
Terence is heavily wounded.
Terence hits you but does no damage.
You hit Terence but do no damage.
Terence is heavily wounded.
Terence hits you but does no damage.
You hit Terence.
Terence is heavily wounded.
Terence hits you but does no damage.
You hit Terence.
Terence is severely wounded.
Terence hits you with a +0 flail.
You hit Terence. You drain Terence.
You kill Terence!
No target in view!
Things that are here:
a +0 flail; a +0 ring mail; the human corpse of Terence
l - 12 poisoned darts (gained 1) HP restored.
There is a stone staircase leading down here.
You fly downwards.
There is a stone staircase leading up here.
Found 15 gold pieces.
A quokka comes into view.
Found 4 stones.
The quokka bites you but does no damage.
The quokka closely misses you.
You hit the quokka.
The quokka is severely wounded.
The quokka closely misses you.
You barely miss the quokka.
The quokka is severely wounded.
The quokka bites you but does no damage.
You barely miss the quokka.
The quokka is severely wounded.
The quokka bites you but does no damage.
You closely miss the quokka.
The quokka is severely wounded.
The quokka bites you.
You hit the quokka.
You kill the quokka!
No target in view!
You see here a quokka corpse.
Found a scale mail.
f - 14 stones (gained 4)
You now have 60 gold pieces (gained 15).
Found 10 gold pieces.
You now have 70 gold pieces (gained 10).
There is an escape hatch in the floor here.
There is a stone staircase leading down here.
You fly downwards.
You hear the hiss of flowing sand.
There is an entrance to an ossuary on this level.
Hurry and find it before the portal is buried!
There is a stone staircase leading up here.
Found a robe.
You see here a +0 robe.
A quokka comes into view.
A hobgoblin comes into view.
The hobgoblin shouts!
The quokka bites you but does no damage.
You barely miss the quokka.
The quokka bites you but does no damage.
You hit the quokka.
You kill the quokka!
You hit the hobgoblin but do no damage. You drain the hobgoblin.
The hobgoblin is severely wounded.
The hobgoblin hits you but does no damage.
You hit the hobgoblin.
You kill the hobgoblin!
No target in view!
A goblin comes into view. It is wielding a +0 dagger.
The goblin shouts!
A goblin is nearby!
You hit the goblin.
You kill the goblin!
No target in view!
You see here a +0 dagger.
An endoplasm comes into view.
The endoplasm hits you but does no damage.
You hit the endoplasm.
The endoplasm is moderately wounded.
The endoplasm hits you but does no damage.
You hit the endoplasm. You drain the endoplasm.
You kill the endoplasm!
No target in view!
You hear the slow hiss of an avalanche of sand very nearby.
You reach down and open the door.
A hound zombie comes into view.
You barely miss the hound zombie.
The hound zombie bites you but does no damage.
You hit the hound zombie.
The hound zombie is lightly damaged.
The hound zombie misses you.
You hit the hound zombie.
The hound zombie is moderately damaged.
The hound zombie bites you but does no damage.
You whack the hound zombie!
The hound zombie is heavily damaged.
The hound zombie bites you but does no damage.
The hound zombie bites you.
a - a +0 hand axe (weapon)
You hit the hound zombie.
The hound zombie is severely damaged.
The hound zombie bites you but does no damage.
The hound zombie closely misses you.
You slash the hound zombie!
You destroy the hound zombie!
You have reached level 6!
You sense an unholy aura.
b - a +1 whip of draining (weapon)
You reach down and open the door.
An adder skeleton comes into view.
a - a +0 hand axe (weapon)
The adder skeleton bites you but does no damage.
You hit the adder skeleton.
The adder skeleton is lightly damaged.
The adder skeleton completely misses you.
You hit the adder skeleton.
The adder skeleton is heavily damaged.
The adder skeleton barely misses you.
You hit the adder skeleton.
The adder skeleton is severely damaged.
The adder skeleton bites you but does no damage.
You hit the adder skeleton.
The adder skeleton is almost destroyed.
The adder skeleton closely misses you.
You hit the adder skeleton.
You destroy the adder skeleton!
No target in view!
You sense an unholy aura.
b - a +1 whip of draining (weapon)
You reach down and open the door.
There is an open door here.
You reach down and open the door.
There is an open door here.
You reach down and open the door.
A hound zombie comes into view.
The hound zombie barely misses you.
a - a +0 hand axe (weapon)
You hit the hound zombie.
The hound zombie is lightly damaged.
The hound zombie closely misses you. The hound zombie barely misses you.
You hit the hound zombie.
The hound zombie is moderately damaged.
The hound zombie bites you but does no damage.
You barely miss the hound zombie.
The hound zombie is moderately damaged.
The hound zombie bites you but does no damage.
The hound zombie barely misses you.
You slash the hound zombie!
The hound zombie is severely damaged.
The hound zombie closely misses you.
You hit the hound zombie.
The hound zombie is severely damaged.
The hound zombie closely misses you.
You hit the hound zombie.
The hound zombie is almost destroyed.
The hound zombie closely misses you. The hound zombie misses you.
You hit the hound zombie.
You destroy the hound zombie!
No target in view!
No target in view!
You reach down and open the door.
You reach down and open the door.
You hear the slow hiss of an avalanche of sand.
You reach down and open the door.
A hound zombie comes into view.
Found a ring mail.
An adder skeleton comes into view.
Found a sand-covered staircase.
The adder skeleton moves out of view.
There is an open door here.
You hit the hound zombie but do no damage.
The hound zombie barely misses you.
The hound zombie bites you but does no damage.
You completely miss the hound zombie. The hound zombie barely misses you.
You hit the hound zombie.
The hound zombie is lightly damaged.
The hound zombie bites you.
You barely miss the hound zombie.
The hound zombie is lightly damaged.
The hound zombie barely misses you.
The hound zombie bites you but does no damage.
You slash the hound zombie!
The hound zombie is heavily damaged.
The hound zombie closely misses you.
You hit the hound zombie.
The hound zombie is severely damaged.
The hound zombie bites you but does no damage.
The hound zombie barely misses you.
You hit the hound zombie.
The hound zombie is severely damaged.
The hound zombie bites you but does no damage.
You slash the hound zombie!
The hound zombie is almost destroyed.
The hound zombie bites you but does no damage.
You hit the hound zombie.
You destroy the hound zombie!
You hit the adder skeleton.
The adder skeleton is lightly damaged.
The adder skeleton closely misses you.
You hit the adder skeleton.
The adder skeleton is moderately damaged.
The adder skeleton bites you but does no damage.
You hit the adder skeleton.
The adder skeleton is severely damaged.
The adder skeleton barely misses you.
You hit the adder skeleton but do no damage.
The adder skeleton is severely damaged.
The adder skeleton closely misses you.
You hit the adder skeleton.
The adder skeleton is severely damaged.
The adder skeleton bites you but does no damage. x2
You slash the adder skeleton!
You destroy the adder skeleton!
No target in view!
No target in view!
An adder zombie comes into view.
The adder zombie barely misses you.
You hit the adder zombie.
The adder zombie is moderately damaged.
The adder zombie bites you but does no damage.
You barely miss the adder zombie.
The adder zombie is moderately damaged.
The adder zombie barely misses you.
You hit the adder zombie.
The adder zombie is heavily damaged.
The adder zombie barely misses you. The adder zombie bites you.
You barely miss the adder zombie.
The adder zombie is heavily damaged.
The adder zombie bites you but does no damage.
You hit the adder zombie.
The adder zombie is severely damaged.
The adder zombie barely misses you.
You hit the adder zombie but do no damage.
The adder zombie is severely damaged.
The adder zombie bites you but does no damage.
You hit the adder zombie.
The adder zombie is almost destroyed.
The adder zombie bites you but does no damage.
You slash the adder zombie!
You destroy the adder zombie!
No target in view!
No target in view!
There is a sand-covered staircase here.
The world spins around you as you enter the gateway.
You enter an ossuary!
Found a gate leading back out of this place.
There is an empty arch of ancient stone here.
An orc zombie, 2 gnoll zombies, a hobgoblin zombie and 2 kobold zombies come into view.
You hit the hobgoblin zombie.
The hobgoblin zombie is heavily damaged.
The hobgoblin zombie hits you but does no damage.
You hit the hobgoblin zombie.
The hobgoblin zombie is almost destroyed.
You hit the gnoll zombie.
The gnoll zombie hits you but does no damage.
The hobgoblin zombie closely misses you.
You slash the hobgoblin zombie!
You destroy the hobgoblin zombie!
You hit the gnoll zombie. You completely miss the gnoll zombie.
The gnoll zombie hits you but does no damage.
The gnoll zombie hits you.
You hit the gnoll zombie.
The gnoll zombie is heavily damaged.
You barely miss the kobold zombie. You slash the gnoll zombie!
The kobold zombie barely misses you.
The gnoll zombie hits you but does no damage. x2
You hit the gnoll zombie.
The gnoll zombie is severely damaged.
You hit the gnoll zombie. You hit the kobold zombie.
The gnoll zombie barely misses you. The kobold zombie closely misses you.
The gnoll zombie barely misses you.
You hit the gnoll zombie.
You destroy the gnoll zombie!
You hit the gnoll zombie. You hit the kobold zombie.
You destroy the kobold zombie!
The gnoll zombie hits you but does no damage.
You hit the gnoll zombie.
You destroy the gnoll zombie!
You hit the kobold zombie. You hit the orc zombie.
The kobold zombie hits you but does no damage.
You slash the kobold zombie!
You destroy the kobold zombie!
You hit the orc zombie.
The orc zombie hits you but does no damage.
You hit the orc zombie.
The orc zombie is moderately damaged.
The orc zombie hits you but does no damage.
You hit the orc zombie.
The orc zombie is severely damaged.
The orc zombie hits you but does no damage.
You hit the orc zombie.
You destroy the orc zombie!
No target in view!
No target in view!
An orc zombie and 2 mummies come into view. 2 mummies come into view.
Throw: 14 stones
Press: ? - help, Q - select action, (/) - cycle Shift-Dir - straight line, f - orc zombie
Aim: an orc zombie (76% to hit)
You throw a stone. The stone hits the orc zombie.
The orc zombie is moderately damaged.
Throw: 13 stones
Press: ? - help, Q - select action, (/) - cycle Shift-Dir - straight line, f - mummy, p - orc zombie
Aim: a mummy (72% to hit)
You throw a stone. The stone hits the mummy.
The mummy is lightly damaged.
Throw: 12 stones
Press: ? - help, Q - select action, (/) - cycle Shift-Dir - straight line, f/p - mummy
Aim: a mummy (lightly damaged, 72% to hit)
You throw a stone. The stone hits the mummy.
The mummy is lightly damaged.
Throw: 11 stones
Press: ? - help, Q - select action, (/) - cycle Shift-Dir - straight line, f/p - mummy
Aim: a mummy (lightly damaged, 72% to hit)
You throw a stone. The stone hits the mummy.
The mummy is lightly damaged.
Throw: 10 stones
Press: ? - help, Q - select action, (/) - cycle Shift-Dir - straight line, f/p - mummy
Aim: a mummy (lightly damaged, 72% to hit)
You throw a stone.
The stone hits the mummy but does no damage.
The mummy is lightly damaged.
Throw: 9 stones
Press: ? - help, Q - select action, (/) - cycle Shift-Dir - straight line, f/p - mummy
Aim: a mummy (lightly damaged, 72% to hit)
You throw a stone. The stone hits the orc zombie.
The orc zombie is heavily damaged.
You hit the orc zombie.
The orc zombie is severely damaged.
The orc zombie barely misses you.
You hit the orc zombie.
You destroy the orc zombie!
You hit the mummy.
The mummy is moderately damaged.
You hit the mummy.
The mummy is moderately damaged.
The mummy hits you but does no damage.
You hit the mummy.
The mummy is heavily damaged.
You hit the mummy but do no damage.
The mummy is heavily damaged.
You hit the mummy. The mummy hits you but does no damage.
You hit the mummy.
The mummy is heavily damaged.
You hit the mummy but do no damage. The mummy hits you!
You slash the mummy!
You destroy the mummy!
You hit the mummy. You completely miss the mummy. The mummy hits you.
You hit the mummy.
The mummy is heavily damaged.
You hit the mummy. The mummy hits you.
You hit the mummy.
The mummy is severely damaged.
You hit the mummy. x2; The mummy hits you.
You hit the mummy.
The mummy is almost destroyed.
You hit the mummy. You hit the mummy but do no damage.
The mummy completely misses you. The mummy barely misses you.
You hit the mummy.
The mummy is almost destroyed.
You hit the mummy. x2; The mummy hits you!
* * * LOW HITPOINT WARNING * * *
The mummy misses you. The mummy hits you!
* * * LOW HITPOINT WARNING * * *
Cleave: a) +0 hand axe
Press: ? - help, Dir - move target, f/p - mummy
Aim: a mummy (almost destroyed, haloed, about 6% to evade your +0 hand axe)
You hit the mummy.
You destroy the mummy!
You hit the mummy but do no damage. x2
Okay, then.
Cleave: a) +0 hand axe
Press: ? - help, Dir - move target, f - mummy
Aim: a mummy (heavily damaged, haloed, about 6% to evade your +0 hand axe)
You barely miss the mummy.
The mummy is heavily damaged.
You hit the mummy but do no damage. The mummy barely misses you.
The mummy hits you.
* * * LOW HITPOINT WARNING * * *
Cleave: a) +0 hand axe
Press: ? - help, Dir - move target, f/p - mummy
Aim: a mummy (heavily damaged, haloed, about 6% to evade your +0 hand axe)
You hit the mummy.
The mummy is severely damaged.
You hit the mummy. The mummy barely misses you. The mummy hits you.
You die...

#....#
#....#
#....#
#....#
#....#
#....#
#....#
#...M#
#.∩M@#
######


You could see 2 mummies.

Vanquished Creatures
  A phantom (D:3)
  Terence (D:2)
  Jessica (D:2)
  3 hound zombies (D:4)
  2 mummies (Ossuary)
  3 adders
  An adder zombie (D:4)
  2 adder skeletons (D:4)
  A ribbon worm (D:2)
  An orc (D:3)
  4 ball pythons
  6 endoplasms
  A giant cockroach (D:1)
  2 gnoll zombies (Ossuary)
  4 goblins
  7 hobgoblins
  5 kobolds
  5 quokkas
  7 bats
  3 frilled lizards
  A hobgoblin zombie (Ossuary)
  2 kobold zombies (Ossuary)
  2 orc zombies (Ossuary)
  7 rats
72 creatures vanquished.

Notes
Turn   | Place    | Note
-------+----------+-------------------------------------------
     0 | D:1      | jagoly the Gargoyle Monk began the quest for the Orb.
     0 | D:1      | Reached XP level 1. HP: 14/14 MP: 1/1
    60 | D:2      | Noticed Terence
    72 | D:1      | Reached XP level 2. HP: 15/19 MP: 2/2
   119 | D:1      | Reached skill level 1 in Stealth
   214 | D:1      | Reached XP level 3. HP: 20/23 MP: 3/3
   313 | D:2      | Noticed Jessica
   322 | D:2      | Killed Jessica
   323 | D:2      | Reached skill level 1 in Armour
   323 | D:2      | Reached XP level 4. HP: 21/29 MP: 4/4
   529 | D:3      | Noticed a phantom
   542 | D:3      | Killed a phantom
   543 | D:3      | Reached XP level 5. HP: 32/33 MP: 5/5
   621 | D:2      | Killed Terence
   804 | D:4      | Reached XP level 6. HP: 37/38 MP: 6/6
   849 | D:4      | Found a sand-covered staircase.
   878 | Ossuary  | Entered an ossuary
   932 | Ossuary  | Slain by a mummy

Illustrated notes

Levels and vault maps discovered:
D:1:      doesnt_arrival_eight_statues, layout_rooms
D:2:      layout_rooms, uniq_jessica, uniq_terence, uniq_robin
D:3:      layout_loops_ring, minmay_distorted
D:4:      layout_basic, nemelex_dance_club_becter, lemuel_tele_altar,
          mainiacjoe_overflow_concentric_impassable,
          mainiacjoe_overflow_catwalk, eat_drink_and_be_merry_uskayaw,
          mainiacjoe_ossuary_entry_find_the_door, chequers_jeans,
          uniq_blork_the_orc
Ossuary:  ossuary_tomb_3

Skill      XL: |  1  2  3  4 |
---------------+-------------+-----
Axes           | 3 4 |  4.9
Stealth        | 1 2 |  2.0
Armour         | 1 2 |  2.7
Fighting       | 4 |  4.3
Dodging        | |  2.4

Action                     |  1- 3 |  4- 6 || total
---------------------------+-------+-------++-------
  Melee: Hand axe          |    69 |   114 ||   183
         Whip              |       |    32 ||    32
  Throw: Dart              |       |     1 ||     1
         Stone             |       |     6 ||     6
 Armour: Robe              |    26 |       ||    26
         Scale mail        |     9 |    96 ||   105
  Dodge: Dodged            |    53 |    74 ||   127
